 Dungeon Crawl Stone Soup version 0.18-a0-60-g15541d7 (webtiles) character file.

19 Duffy the Charlatan (level 2, 0/22 HPs)
             Began as a Formicid Artificer on Nov 9, 2015.
             Slain by a goblin (1 damage)
             ... on level 1 of the Dungeon.
             The game lasted 00:00:38 (533 turns).

Duffy the Charlatan (Formicid Artificer)             Turns: 533, Time: 00:00:38

Health: 0/22       AC:  3    Str: 15    XL:     2   Next: 95%
Magic:  4/4        EV: 12    Int: 11    God:
Gold:   12         SH:  0    Dex: 11    Spells: 0 memorised, 1 level left

rFire  . . .     SeeInvis +     a - +0 short sword
rCold  . . .     Clarity  .     b - +0 leather armour
rNeg   . . .     SustAt   .     (no shield)
rPois  .         Gourm    .     (helmet unavailable)
rElec  .         Spirit   .     (no cloak)
rCorr  .         Warding  .     (no gloves)
rMut   .         Stasis   +     (no boots)
MR     .....                    (no amulet)
Stlth  +.........               (no ring)
                                (no ring)

@: not resistant to hostile enchantments, very unstealthy
A: permanent stasis, dig shafts and tunnels, four strong arms, antennae 3
a: Dig, Shaft Self


You were on level 1 of the Dungeon.
You were not hungry.

You visited 1 branch of the dungeon, and saw 1 of its levels.

You collected 12 gold pieces.


Innate Abilities, Weirdness & Mutations

You are under a permanent stasis effect.
You can dig through walls and to a lower floor.
Your four strong arms can wield two-handed weapons with a shield.
You have a pair of large antennae on your head (SInv).


   Skills:
 + Level 2.1 Fighting
 - Level 1.0 Short Blades
 - Level 2.4 Dodging
 - Level 1.2 Stealth
 - Level 3.2 Evocations


You had one spell level left.
You didn't know any spells.

Inventory:

Hand Weapons
 a - a +0 short sword (weapon)
Armour
 b - a +0 leather armour (worn)
Wands
 c - a wand of flame (15)
 d - a wand of enslavement (15)
 e - a wand of random effects (15)
Scrolls
 g - a scroll of teleportation {unknown}
Comestibles
 f - a bread ration

Dungeon Overview and Level Annotations

Branches:
Dungeon (1/15)

Altars:


Message History

You are too injured to fight recklessly!
You are too injured to fight recklessly!
You are too injured to fight recklessly!
You are too injured to fight recklessly!
You are too injured to fight recklessly!
You are too injured to fight recklessly!
You are too injured to fight recklessly!
You are too injured to fight recklessly!
You are too injured to fight recklessly!
You are too injured to fight recklessly!
You are too injured to fight recklessly!
You are too injured to fight recklessly!
You are too injured to fight recklessly!
You closely miss the kobold. The kobold closely misses you.
You barely miss the kobold. The kobold closely misses you.
The kobold closely misses you.
You hit the kobold.
You kill the kobold!
The goblin wields a runed hunting sling.
It bursts into flame!
The goblin shoots a stone.
The stone hits you. The stone burns you.
You swing at nothing.
The goblin shoots a stone.
The stone hits you. The stone burns you.
You swing at nothing.
The goblin shoots a stone.
The stone hits you but does no damage.
You swing at nothing.
You closely miss the goblin.
The goblin unwields an uncursed hunting sling of flaming.
It stops flaming.
The goblin closely misses you.
You hit the goblin.
The goblin is heavily wounded.
The goblin barely misses you.
You miss the goblin. The goblin closely misses you.
You hit the goblin but do no damage. The goblin hits you.
You die... # ##..... {{{{

#. ..... ... . #. #...
#.# # #.##.##h.#####.#
##. #........)...#.##
.##.#
#........###.#..##.#.#..
#..{{.....#....# #.#
#.##.#.#####.......# #.
#......g@.####..#.## ##
###..#.##.# #..##.## ##.
.......# .# #..##..###)#
###.#### .# #..##...#.##
... .# #.†##..#.### .#.
## ##.......... ..
#.##..##### #...#..#
........#


You could see a goblin.

Action                   || total
-------------------------++-------
Melee: Short sword       ||    98

Notes
Turn   | Place    | Note
--------------------------------------------------------------
     0 | D:1      | Duffy the Formicid Artificer began the quest for the Orb.
     0 | D:1      | Reached XP level 1. HP: 15/15 MP: 3/3
    94 | D:1      | Reached skill level 2 in Dodging
   199 | D:1      | Reached XP level 2. HP: 12/21 MP: 4/4
   521 | D:1      | Reached skill level 2 in Fighting
   533 | D:1      | Slain by a goblin

Vault maps used:
D:1:      dpeg_arrival_simpleton_b, hangedman_decor_clover_reticule,
          kennysheep_nondescript, minmay_misc_feat_tiny

Vanquished Creatures
  A giant gecko
  3 bats
  A giant cockroach
  2 goblins
  2 hobgoblins
  2 jackals
  A giant newt
  2 kobolds
  2 rats
16 creatures vanquished.
